 Dungeon Crawl Stone Soup version 0.26.1-15-g04117e645d (webtiles) character file.

Game seed: 909678525508482288

1401 tkbsonic5 the Skirmisher (level 8, -3/96 HPs)
             Began as a Demonspawn Berserker on Dec 1, 2022.
             Was an Elder of Trog.
             Slain by an orc warrior
             ... wielding a +0 hand axe
              (12 damage)
             ... on level 6 of the Dungeon.
             The game lasted 00:16:34 (5183 turns).

tkbsonic5 the Skirmisher (Demonspawn Berserker)     Turns: 5183, Time: 00:16:34

Health: -3/96      AC: 11    Str: 20    XL:     8   Next: 41%
Magic:  8/8        EV:  7    Int:  9    God:    Trog [****..]
Gold:   360        SH:  6    Dex: 12    Spells: 7/7 levels left

rFire    . . .     SeeInvis .   h - +0 battleaxe
rCold    . . .     Faith    .   (shield currently unavailable)
rNeg     . . .     Spirit   .   o - +0 plate armour
rPois    .         Reflect  .   (no helmet)
rElec    .         Harm     .   (no cloak)
rCorr    .         Rampage  .   (no gloves)
Will     .....                  (no boots)
Stlth    ..........             t - amulet of regeneration
HPRegen  0.66/turn              (no ring)
MPRegen  0.11/turn              (no ring)

@: berserking, studying Short Blades, very quick
A: hooves 1, large bone plates 2, demonic guardian 1, spiny 1
a: Renounce Religion, Berserk, Trog's Hand, Brothers in Arms


You were on level 6 of the Dungeon.
You worshipped Trog.
Trog was greatly pleased with you.
You visited 1 branch of the dungeon, and saw 7 of its levels.

You collected 360 gold pieces.

Inventory:

Hand Weapons
 a - a +1 hand axe
 h - a +0 battleaxe (weapon)
Missiles
 e - 54 poisoned darts (quivered)
Armour
 o - a +0 plate armour (worn)
Jewellery
 t - an amulet of regeneration (around neck)
Wands
 b - a wand of digging (5)
 j - a wand of enslavement (11)
Scrolls
 c - 3 scrolls of remove curse
 g - 6 scrolls of teleportation
 r - a scroll of magic mapping
Potions
 d - 4 potions of curing
 f - a potion of might
 m - 4 potions of invisibility
 n - a potion of heal wounds
 p - a potion of haste
Books
 i - a manual of Short Blades


   Skills:
 * Level 5.9 Fighting
 - Level 1.7 Short Blades
 * Level 5.3 Axes
 * Level 4.1 Throwing
 + Level 3.6 Armour
 + Level 3.6 Dodging
 + Level 2.0 Evocations


You had 7 spell levels left.
You didn't know any spells.
Your spell library was empty.

Dungeon Overview and Level Annotations

Branches:
Dungeon (7/15)             Temple (0/1) D:6

Altars:
Ashenzari
Cheibriados
Dithmenos
Elyvilon
Fedhas
Gozag
Hepliaklqana
Kikubaaqudgha
Nemelex Xobeh
Trog
Uskayaw


Innate Abilities, Weirdness & Mutations

You have large cloven feet.
You are mostly covered in large bone plates. (SH +6)
A weak demonic guardian rushes to your aid.
You are partially covered in sharp spines.


Message History

You kick the orc warrior, but do no damage.
The orc warrior is almost dead.
The orc warrior hits you but does no damage.
The orc warrior hits you with a +0 hand axe.
You barely miss the orc warrior.
The orc warrior is almost dead.
The orc warrior barely misses you.
You closely miss the orc warrior.
The orc warrior is almost dead.
The orc warrior hits you with a +0 hand axe.
* * * LOW HITPOINT WARNING * * *
You closely miss the orc warrior.
The orc warrior is almost dead.
The orc warrior hits you with a +0 hand axe!
* * * LOW HITPOINT WARNING * * *
You block the orc warrior's attack.
A red film seems to cover your vision as you go berserk!
You feel yourself moving faster!
You feel mighty!
The orc warrior hits you with a +0 hand axe!
You die...

.#.###...#......##....###.#
....##.###............##..###
.....#.###........^.[.#.....#
............#..##.>...#.....#
#.......#.....#...()........#
#..(..#.##........[.....(...#
......#.............#.......#
.....####........)..#......##
.....#.##......)@##[.....###
............(..o[..........####
....##.#.##....).....#........#
..........#..##...............###
............###.....##....##....#
............##......##........###
.......#.##.#...#.....###.#.###
......##.##....(#.....##..#...#
......##..#...###...#..##...###


You could see an orc warrior.

Vanquished Creatures
  A hornet (D:6)
  An orc warrior (D:6)
  A phantom (D:5)
  3 ogres
  A bullfrog (D:6)
  A jelly (D:6)
  4 orc priests
  A bullfrog skeleton (D:5)
  A centaur skeleton (D:5)
  2 iguanas
  7 orc wizards
  3 worker ants
  3 adders
  2 oozes
  6 dart slugs (D:1)
  2 leopard geckos
  11 orcs
  A ball python (D:4)
  6 bats
  5 giant cockroaches
  13 hobgoblins
  13 jackals
  10 kobolds
  6 quokkas
  6 frilled lizards
  8 goblins
  3 rats
121 creatures vanquished.

Vanquished Creatures (collateral kills)
  A bullfrog (D:6)
  A scorpion (D:6)
  A hound (D:4)
  An adder (D:6)
  3 orcs
  A jackal (D:6)
8 creatures vanquished.

Grand Total: 129 creatures vanquished

Notes
Turn   | Place    | Note
-------+----------+-------------------------------------------
     0 | D:1      | tkbsonic5 the Demonspawn Berserker began the quest for the
                  | Orb.
     0 | D:1      | Reached XP level 1. HP: 18/18 MP: 1/1
    88 | D:1      | Gained mutation: You are partially covered in large bone
                  | plates. (SH +4) [demonic ancestry]
    88 | D:1      | Reached XP level 2. HP: 8/24 MP: 2/2
   849 | D:1      | Reached XP level 3. HP: 27/29 MP: 3/3
  1337 | D:2      | Reached ** piety under Trog
  1424 | D:2      | Reached skill level 1 in Throwing
  1482 | D:2      | Gained mutation: You are partially covered in sharp spines.
                  | [demonic ancestry]
  1482 | D:2      | Reached XP level 4. HP: 27/36 MP: 4/4
  2747 | D:3      | Reached *** piety under Trog
  2889 | D:4      | Gained mutation: A weak demonic guardian rushes to your
                  | aid. [demonic ancestry]
  2889 | D:4      | Reached XP level 5. HP: 42/42 MP: 5/5
  3190 | D:4      | Found a shadowy altar of Dithmenos.
  3239 | D:4      | Gained mutation: You are mostly covered in large bone
                  | plates. (SH +6) [demonic ancestry]
  3239 | D:4      | Reached XP level 6. HP: 47/49 MP: 6/6
  3566 | D:5      | Entered Level 5 of the Dungeon
  3566 | D:5      | Found a broken altar of Ashenzari.
  3819 | D:5      | Reached XP level 7. HP: 54/55 MP: 7/7
  4053 | D:5      | Found a sparkling altar of Nemelex Xobeh.
  4055 | D:5      | Found a bloodstained altar of Trog.
  4060 | D:5      | Found a hazy altar of Hepliaklqana.
  4061 | D:5      | Found an ancient bone altar of Kikubaaqudgha.
  4061 | D:5      | Found a blossoming altar of Fedhas.
  4061 | D:5      | Found a hide-covered altar of Uskayaw.
  4065 | D:5      | Found a snail-covered altar of Cheibriados.
  4066 | D:5      | Found a white marble altar of Elyvilon.
  4272 | D:6      | Reached skill level 5 in Fighting
  4280 | D:6      | Reached skill level 1 in Short Blades
  4341 | D:6      | Reached skill level 1 in Evocations
  4452 | D:6      | Found an opulent altar of Gozag.
  4521 | D:6      | Noticed a hornet
  4527 | D:6      | Paralysed by a hornet for 1 turns
  4531 | D:6      | Paralysed by a hornet for 2 turns
  4534 | D:6      | Killed a hornet
  4534 | D:6      | Reached **** piety under Trog
  4535 | D:6      | Reached skill level 5 in Axes
  4535 | D:6      | Gained mutation: You have large cloven feet. [demonic
                  | ancestry]
  4535 | D:6      | Reached XP level 8. HP: 20/63 MP: 8/8
  4856 | D:6      | Found a staircase to the Ecumenical Temple.
  5183 | D:6      | Slain by an orc warrior

Illustrated notes

Levels and vault maps discovered:
D:1:      amcnicky_arrival_underground_garden, layout_basic
D:2:      layout_rooms, kennysheep_nondescript
D:3:      layout_basic
D:4:      layout_cave_pools, marbit_many_paths, moated_statue,
          minmay_manual_moon
D:5:      layout_cave_pools, minitemple
D:6:      layout_cave_pools, minmay_temple_entry_trees, grunt_gozag_statues
D:7:      minmay_the_grid_octo_2x2 [minmay_the_grid_octo_77,
          minmay_the_grid_octo_empty, minmay_the_grid_octo_empty,
          minmay_the_grid_octo_prize_square_snowflake], layout_loops_ring,
          minmay_shop_mass

Skill      XL: |  1  2  3  4  5  6  7  8 |
---------------+-------------------------+-----
Dodging        | 2 3 |  3.6
Axes           | 3 4 5 |  5.3
Armour         | 2 3 |  3.6
Throwing       | 1 2 3 4 |  4.1
Fighting       | 4 5 |  5.9
Short Blades   | 1 |  1.7
Evocations     | 1 2 |  2.0

Action                   |  1- 3 |  4- 6 |  7- 9 || total
-------------------------+-------+-------+-------++-------
Melee: Hand axe          |    93 |   139 |    35 ||   267
       Battleaxe         |       |       |    32 ||    32
       Kick              |       |       |     9 ||     9
Throw: Dart              |    36 |    18 |    13 ||    67
Invok: Berserk           |       |     1 |     3 ||     4
       Trog's Hand       |       |       |     2 ||     2
  Use: Scroll            |       |    15 |     4 ||    19
       Potion            |       |       |     2 ||     2
Armor: Animal skin       |     3 |       |       ||     3
       Ring mail         |    19 |    18 |       ||    37
       Plate armour      |       |    41 |    37 ||    78
Dodge: Dodged            |    48 |    46 |    21 ||   115
Block: Other             |    14 |    28 |    34 ||    76
